 Dungeon Crawl Stone Soup version 0.25.1-2-g60ff931df9 (webtiles) character file.

Game seed: 8699528093107665532

324 DogServant the Digger (level 6, -4/52 HPs)
             Began as a Deep Dwarf Earth Elementalist on Nov 11, 2020.
             Slain by a gnoll
             ... wielding a +0 club
              (5 damage)
             ... on level 4 of the Dungeon.
             The game lasted 00:06:35 (2992 turns).

DogServant the Digger (DDEE)                        Turns: 2992, Time: 00:06:35

Health: -4/52      AC:  4    Str: 11    XL:     6   Next: 23%
Magic:  0/17 (8)   EV: 13    Int: 18    God:
Gold:   152        SH:  0    Dex: 13    Spells: 4/8 levels left

rFire    . . .     SeeInvis .   g - +0 club
rCold    . . .     Gourm    .   (no shield)
rNeg     . . .     Faith    .   c - +0 robe
rPois    .         Spirit   .   (no helmet)
rElec    .         Reflect  .   n - +0 cloak
rCorr    .         Harm     .   o - +0 pair of gloves
MR       .....                  (no boots)
Stlth    ++........             (no amulet)
HPRegen  0.00/turn              h - ring of magical power
MPRegen  0.15/turn              (no ring)

@: non-regenerating
A: damage resistance, heal wounds, sense surroundings 1, no regeneration
a: Heal Wounds


You were on level 4 of the Dungeon.
You were hungry.

You visited 1 branch of the dungeon, and saw 4 of its levels.

You collected 152 gold pieces.

Inventory:

Hand Weapons
 g - a +0 club (weapon)
Armour
 c - a +0 robe (worn)
 n - a +0 cloak (worn)
 o - a +0 pair of gloves (worn)
Jewellery
 h - a ring of magical power (left hand)
Scrolls
 e - 3 scrolls of identify {unknown}
 f - a scroll of teleportation {unknown}
 l - a scroll of enchant weapon {unknown}
 m - 2 scrolls of immolation {unknown}
 p - a scroll of amnesia {unknown}
 q - a scroll of enchant armour {unknown}
Potions
 a - a potion of curing {unknown}
 i - 2 potions of brilliance {unknown}
 k - a potion of haste {unknown}
Comestibles
 b - 3 chunks of flesh
 d - 6 rations


   Skills:
 + Level 1.8 Fighting
 + Level 3.3 Dodging
 - Level 2.4 Stealth
 - Level 1.7 Spellcasting
 + Level 1.3 Conjurations
   Level 0.8 Transmutations
 + Level 7.7 Earth Magic


You had 4 spell levels left.
You knew the following spells:

 Your Spells              Type           Power        Failure   Level  Hunger
a - Sandblast             Erth           ####..       1%          1    #......
b - Stone Arrow           Conj/Erth      ###...       9%          3    ###....

Your spell library contained the following spells:

 Spells                   Type           Power        Failure   Level  Hunger
 Passwall                 Tmut/Erth      ###.....     4%          2    ###....
 Petrify                  Tmut/Erth      ###.....     30%         4    #####..
 Lee's Rapid Deconstruct  Erth           ####......   22%         5    ######.


Dungeon Overview and Level Annotations

Branches:
Dungeon (4/15)
 Temple: D:4-7

Altars:
Nemelex Xobeh
The Shining One


Innate Abilities, Weirdness & Mutations

You are resistant to damage.
You can heal yourself by infusing magical energy.
You passively map a small area around you.
You do not regenerate.


Message History

Things that are here:
a +0 halberd; a gnoll corpse
Casting: Stone Arrow (dangerous; 9% risk of failure)
Confirm with . or Enter, or press ? or * to list all spells.
Aiming: Stone Arrow (dangerous; 9% risk of failure)
Press: ? - help, Shift-Dir - straight line, f - gnoll
Aim: a gnoll, wielding a +0 club The stone arrow misses the gnoll.
The gnoll hits you with a +0 club!
* * * LOW HITPOINT WARNING * * *
You hit the gnoll.
The gnoll is moderately wounded.
The gnoll barely misses you. The gnoll hits you with a +0 club.
You barely miss the gnoll.
The gnoll is moderately wounded.
The gnoll hits you with a +0 club.
* * * LOW HITPOINT WARNING * * *
You hit the gnoll.
The gnoll is moderately wounded.
The gnoll hits you with a +0 club.
You die...

.#..############.#####.........).
.#.........'.........#...........
.#..##.....#.........#...........
##+###..########.##'##...........
#...##..########+#..........####.
#.......#...#....#..........#.###
##..##..'...#....#..........#.'_#
.#..##..#...#...)#..........#.###
.+..#...#...#...@g..........#..'.
.#..'...#...#....#..........#..#.
.#'###..##..######..........#.##.
.....#..#####.......#########'#..
.....#......#.......#.........#..
.....#......#.......#.........+..
.....#......#.......#.........#..
.....######.#.......#####...###..
#.........#####'##....###...##***


You could see a gnoll.

Vanquished Creatures
  2 orc wizards (D:4)
  4 worker ants (D:4)
  A hound skeleton (D:4)
  4 gnolls
  3 adders
  An ooze (D:4)
  A worm (D:3)
  4 dart slugs
  3 leopard geckos
  6 orcs (D:4)
  2 giant cockroaches (D:1)
  3 goblins
  12 hobgoblins
  4 jackals (D:3)
  A quokka (D:2)
  9 bats
  5 frilled lizards
  8 kobolds
  A quokka skeleton (D:4)
  5 rats
79 creatures vanquished.

Notes
Turn   | Place    | Note
-------+----------+-------------------------------------------
     0 | D:1      | DogServant the Deep Dwarf Earth Elementalist began the
                  | quest for the Orb.
     0 | D:1      | Reached XP level 1. HP: 15/15 MP: 3/3
   304 | D:1      | Reached XP level 2. HP: 13/22 MP: 2/4
   392 | D:1      | Reached skill level 5 in Earth Magic
   393 | D:1      | HP: 1/22 [hobgoblin/+0 club (2)]
   657 | D:1      | Reached XP level 3. HP: 15/28 MP: 0/5
   782 | D:1      | Reached skill level 6 in Earth Magic
  1531 | D:2      | Reached XP level 4. HP: 19/36 MP: 6/6
  2061 | D:3      | Reached skill level 7 in Earth Magic
  2244 | D:3      | Learned a level 3 spell: Stone Arrow
  2380 | D:4      | Reached XP level 5. HP: 40/43 MP: 7/7
  2417 | D:4      | Found a glowing golden altar of the Shining One.
  2444 | D:4      | Found a sparkling altar of Nemelex Xobeh.
  2463 | D:4      | Reached skill level 1 in Fighting
  2785 | D:4      | Reached skill level 1 in Conjurations
  2857 | D:4      | Reached XP level 6. HP: 33/51 MP: 8/8
  2991 | D:4      | HP: 1/52 [gnoll/+0 club (4)]
  2992 | D:4      | Slain by a gnoll

Illustrated notes

Levels and vault maps discovered:
D:1:      shiori_arrival_maze, layout_basic
D:2:      layout_loops_ring, minivault_23, kennysheep_nondescript
D:3:      layout_rooms, minivault_24
D:4:      layout_gridville, nemelex_xobeh_ov_fountains_minmay, kennysheep_mini,
          first_ration, led_xom_imps, uniq_grinder, uniq_natasha

Skill      XL: |  1  2  3  4  5 |
---------------+----------------+-----
Earth Magic    | 5 6 7 |  7.7
Fighting       | 1 |  1.8
Dodging        | 3 |  3.3
Conjurations   | 1 |  1.3
Stealth        | |  2.4
Spellcasting   | |  1.7
Transmutations | |  0.8

Action                   |  1- 3 |  4- 6 || total
-------------------------+-------+-------++-------
Melee: Unarmed           |   101 |       ||   101
       Club              |    32 |    82 ||   114
 Cast: Sandblast         |    45 |    38 ||    83
       Stone Arrow       |       |    16 ||    16
 Abil: Heal Wounds       |     4 |     1 ||     5
 Stab: Sleeping          |     1 |     1 ||     2
  Eat: Chunk             |     3 |     7 ||    10
Armor: Robe              |    34 |    50 ||    84
Dodge: Dodged            |   107 |    95 ||   202
